WCHLSIM.com - West Coast Hockey League
html PUBLIC "-//W3C//DTD XHTML 1.0 Transitional//EN" "http://www.w3.org/TR/xhtml1/DTD/xhtml1-transitional.dtd"> WCHL - Game 1083 - SEATTLE GRUNGE vs SAN JOSE BRONCOS

SEATTLE GRUNGE vs SAN JOSE BRONCOS

Created - 27 avril 2021 at 22:44

Goals
1 2 3 T
SEATTLE GRUNGE 0 1 0 1
SAN JOSE BRONCOS 1 2 1 4
Shots
1 2 3 T
SEATTLE GRUNGE 7 8 7 22
SAN JOSE BRONCOS 10 16 2 28

1st period

1. SAN JOSE BRONCOS , Anthony Beauvillier 12 (Nick Bonino 11, Neal Pionk 15) at 11:41

Penalties :
Chris Tanev (SJO) for Roughing (Minor) at 2:37, Brian Boyle (SEA) for Hooking (Minor) at 2:37, Carter Rowney (SEA) for Roughing (Minor) at 16:18, Anthony Beauvillier (SJO) for Tripping (Minor) at 18:41

2nd period

2. SEATTLE GRUNGE , Jake Guentzel 39 (Tyler Seguin 43, Mike Hoffman 31) at 1:29
3. SAN JOSE BRONCOS , Craig Smith 13 (Anthony Beauvillier 20, Nick Bonino 12) at 8:54
4. SAN JOSE BRONCOS , Connor Brown 21 (Evgeni Malkin 48, Adam Pelech 11) at 11:21

Penalties :
Eric Staal (SEA) for Hooking (Minor) at 6:20, Oliver Bjorkstrand (SJO) for Hooking (Minor) at 13:51

3rd period

5. SAN JOSE BRONCOS , Evgeni Malkin 32 (Connor Brown 32, Claude Giroux 38) at 9:43

Penalties :
Damon Severson (SEA) for Tripping (Minor) at 9:58

Goalie Stats

Jimmy Howard (SEA), 24 saves from 28 shots - (0,857), L, 7-6-2, 60:00 minutes
Jacob Markstrom (SJO), 21 saves from 22 shots - (0,955), W, 36-14-7, 60:00 minutes

Players Stats for SEATTLE GRUNGE

Player Name              G  A  P  +/- PIM S  H  SB GA TA FO     MP     PP MP  PK MP  
------------------------------------------------------------------------------------
Brian Boyle              0  0  0   0  2   0  0  0  0  0  3/5     5:01   0:00   1:28 
Carl Hagelin             0  0  0  -1  0   2  0  0  0  0  0/0    18:14   0:00   3:31 
Carter Rowney            0  0  0  -1  2   0  2  0  0  0  0/1     6:22   0:00   0:52 
Chris Tierney            0  0  0  -1  0   1  0  0  0  0  4/12   14:32   0:00   3:37 
Damon Severson           0  0  0   0  2   0  3  2  0  0  0/0    20:57   2:15   0:33 
David Savard             0  0  0  -2  0   1  1  2  0  0  0/0    24:10   0:00   4:21 
Eric Staal               0  0  0  -2  2   1  0  0  0  0  15/25  18:59   2:04   0:00 
Jake Guentzel            1  0  1   0  0   6  1  2  0  0  1/3    20:19   1:54   0:00 
Josh Bailey              0  0  0  -1  0   5  0  0  0  0  0/1    17:24   2:04   0:06 
Matthew Grzelcyk         0  0  0  -1  0   0  0  0  0  0  0/0    13:49   1:43   0:00 
Mike Hoffman             0  1  1   0  0   1  0  0  0  0  0/1    18:51   1:54   0:00 
Roman Josi               0  0  0  -2  0   1  0  0  0  0  0/0    26:39   2:15   4:25 
Slater Koekkoek          0  0  0  -1  0   0  0  0  0  0  0/0    13:05   0:00   0:59 
Travis Sanheim           0  0  0   0  0   1  0  1  0  0  0/0    21:19   1:43   1:36 
Trevor Lewis             0  0  0  -1  0   0  0  0  0  0  0/0     5:31   0:00   0:00 
Tyler Seguin             0  1  1   0  0   1  0  0  0  0  12/20  20:34   1:54   0:00 
Vladislav Namestnikov    0  0  0  -1  0   2  2  0  0  0  0/1    15:19   2:04   2:20 
Wayne Simmonds           0  0  0  -1  0   0  2  0  0  0  0/0    10:55   0:00   0:00 

Players Stats for SAN JOSE BRONCOS

Player Name              G  A  P  +/- PIM S  H  SB GA TA FO     MP     PP MP  PK MP  
------------------------------------------------------------------------------------
Adam Pelech              0  1  1   2  0   1  2  0  0  0  0/0    16:00   0:00   2:05 
Anthony Beauvillier      1  1  2   2  2   3  0  0  0  0  0/0    12:39   0:16   0:00 
Brayden Point            0  0  0   0  0   5  0  0  0  0  13/21  20:50   3:10   0:00 
Charlie Coyle            0  0  0   0  0   0  0  0  0  0  4/8     6:12   0:00   0:57 
Chris Tanev              0  0  0   0  2   0  0  1  0  0  0/0    20:43   2:47   1:53 
Claude Giroux            0  1  1   1  0   1  3  0  0  0  0/0    20:57   2:47   2:10 
Connor Brown             1  1  2   1  0   2  0  0  0  0  1/1    17:40   2:54   0:00 
Craig Smith              1  0  1   2  0   4  1  0  0  0  0/0    11:39   0:00   0:00 
David Kampf              0  0  0   0  0   0  0  0  0  0  1/1     5:15   0:00   0:00 
Elias Lindholm           0  0  0   0  0   3  1  0  0  0  1/5    20:21   3:10   0:00 
Evgeni Malkin            1  1  2   1  0   5  1  0  0  0  10/21  19:21   2:47   1:48 
Hampus Lindholm          0  0  0   0  0   0  1  2  0  0  0/0    21:27   2:47   2:05 
Jaccob Slavin            0  0  0   1  0   0  0  2  0  0  0/0    24:38   3:10   1:53 
Marco Scandella          0  0  0   2  0   0  2  0  0  0  0/0    15:23   0:00   0:00 
Neal Pionk               0  1  1   1  0   0  2  2  0  0  0/0    21:48   3:10   0:00 
Nick Bonino              0  2  2   2  0   2  1  0  0  0  4/10   13:49   0:00   2:10 
Oliver Bjorkstrand       0  0  0   0  2   2  1  0  0  0  0/2    20:03   2:47   0:51 
Tyler Motte              0  0  0   0  0   0  0  0  0  0  0/0     5:15   0:00   0:00 

3 Stars

1 - Evgeni Malkin (SJO)
2 - Connor Brown (SJO)
3 - Nick Bonino (SJO)

Power Play

SEATTLE GRUNGE - 0 on 2 Attempt(s) - 0,00%
SAN JOSE BRONCOS - 0 on 3 Attempt(s) - 0,00%

Penalty Kill

SEATTLE GRUNGE - 3 on 3 Attempt(s) - 100,00% - Score 0 goal in Penalty Kill
SAN JOSE BRONCOS - 2 on 2 Attempt(s) - 100,00% - Score 0 goal in Penalty Kill

Team Stat

SEATTLE GRUNGE - Hits : 11 - Faceoff Wins : 35 - Blocked Shots : 7 - Penalty Minutes : 8
SAN JOSE BRONCOS - Hits : 15 - Faceoff Wins : 34 - Blocked Shots : 7 - Penalty Minutes : 6

Official

Referees : Chris Rooney and Andrew Howard
Linesman : Brandon Gawryletz and Greg Devorski

Game Notes

Brian Boyle is injured at 3:49 of 3rd period (Right Foot)

Finance

Level 1 -- Attendance: 6000 (100,00%) -- Ticket Income 840 000 $
Level 2 -- Attendance: 3961 (79,22%) -- Ticket Income 439 671 $
Level 3 -- Attendance: 2000 (100,00%) -- Ticket Income 160 000 $
Level 4 -- Attendance: 4000 (100,00%) -- Ticket Income 160 000 $
Luxury Box -- Attendance: 1000 (100,00%) -- Ticket Income 280 000 $
Total Attendance: 16961 (94,23%)
Total Ticket Income: 1 879 671 $
Other Expense: 18 797 $
Total Income: 1 860 874 $

SEATTLE GRUNGE

5 vs 5 Forward 
   Center                   Left Wing                Right Wing               Time % Phy DF OF 
 1 Tyler Seguin             Jake Guentzel            Mike Hoffman             37     1   2  2  
 2 Eric Staal               Josh Bailey              Carl Hagelin             37     1   2  2  
 3 Chris Tierney            Wayne Simmonds           Vladislav Namestnikov    21     1   2  2  
 4 Brian Boyle              Trevor Lewis             Carter Rowney            5      1   2  2  

5 vs 5 Defense 
   Defense                  Defense                                           Time % Phy DF OF 
 1 Roman Josi               David Savard                                      40     1   2  2  
 2 Damon Severson           Travis Sanheim                                    40     1   2  2  
 3 Slater Koekkoek          Matthew Grzelcyk                                  20     1   2  2  
 4 Roman Josi               Damon Severson                                    0      1   2  2  

PowerPlay Forward 
   Center                   Left Wing                Right Wing               Time % Phy DF OF 
 1 Tyler Seguin             Mike Hoffman             Jake Guentzel            50     1   0  4  
 2 Eric Staal               Josh Bailey              Vladislav Namestnikov    50     1   0  4  

PowerPlay Defense
   Defense                  Defense                                           Time % Phy DF OF 
 1 Roman Josi               Damon Severson                                    55     0   1  4  
 2 Matthew Grzelcyk         Travis Sanheim                                    45     0   1  4  

Penalty Kill 4 Players Forward 
   Center                   Wing                     Time % Phy DF OF 
 1 Chris Tierney            Carl Hagelin             55     1   4  0  
 2 Carter Rowney            Vladislav Namestnikov    45     1   4  0  

Penalty Kill 4 Players Defense
   Defense                  Defense                  Time % Phy DF OF 
 1 Roman Josi               David Savard             55     1   4  0  
 2 Damon Severson           Travis Sanheim           45     1   4  0  

Penalty Kill - 3 Players Forward 
   Forward                                           Time % Phy DF OF 
 1 Chris Tierney                                     55     0   5  0  
 2 Carter Rowney                                     45     0   5  0  

Penalty Kill - 3 Players Defense
   Defense                  Defense                  Time % Phy DF OF 
 1 Roman Josi               David Savard             55     1   4  0  
 2 Damon Severson           Travis Sanheim           45     1   4  0  

4 vs 4 Forward 
   Center                   Wing                     Time % Phy DF OF 
 1 Tyler Seguin             Jake Guentzel            55     1   2  2  
 2 Eric Staal               Josh Bailey              45     1   2  2  

4 vs 4 Defense
   Defense                  Defense                  Time % Phy DF OF 
 1 Roman Josi               David Savard             55     1   2  2  
 2 Damon Severson           Travis Sanheim           45     1   2  2  

Last Minutes Offensive
   Center                   Left Wing                Right Wing               Defense                  Defense                  
   Tyler Seguin             Jake Guentzel            Mike Hoffman             Roman Josi               Damon Severson           

Last Minutes Defensive
   Center                   Left Wing                Right Wing               Defense                  Defense                  
   Chris Tierney            Carl Hagelin             Jake Guentzel            Roman Josi               Damon Severson           

Goaltenders
Starting : Jimmy Howard             
Backup : Semyon Varlamov          

Extra Forwards
Normal : Tyler Seguin, Jake Guentzel, Mike Hoffman - PP : Tyler Seguin, Jake Guentzel - PK : Carl Hagelin
Extra Defensemen
Normal : Matthew Grzelcyk, Slater Koekkoek, Damon Severson - PP : Travis Sanheim - PK : Slater Koekkoek, Roman Josi
Penalty Shots
Jake Guentzel, Mike Hoffman, Josh Bailey, Eric Staal, Tyler Seguin
Custom OT Lines Forwards
Tyler Seguin, Mike Hoffman, Jake Guentzel, Josh Bailey, Eric Staal, Chris Tierney, Brian Boyle, Wayne Simmonds, Carl Hagelin, Vladislav Namestnikov
Custom OT Lines Defensemen
Roman Josi, Damon Severson, Slater Koekkoek, Travis Sanheim, David Savard

Scratches
Zach Bogosian (Healthy), Justin Schultz (Healthy), Marcus Sorensen (Healthy), Laurent Brossoit (Healthy)

SAN JOSE BRONCOS

5 vs 5 Forward 
   Center                   Left Wing                Right Wing               Time % Phy DF OF 
 1 Brayden Point            Oliver Bjorkstrand       Elias Lindholm           36     1   2  2  
 2 Evgeni Malkin            Claude Giroux            Connor Brown             33     1   2  2  
 3 Nick Bonino              Anthony Beauvillier      Craig Smith              25     1   2  2  
 4 Charlie Coyle            Tyler Motte              David Kampf              6      1   2  2  

5 vs 5 Defense 
   Defense                  Defense                                           Time % Phy DF OF 
 1 Jaccob Slavin            Neal Pionk                                        40     1   2  2  
 2 Chris Tanev              Hampus Lindholm                                   35     1   2  2  
 3 Marco Scandella          Adam Pelech                                       25     1   2  2  
 4 Jaccob Slavin            Neal Pionk                                        0      1   2  2  

PowerPlay Forward 
   Center                   Left Wing                Right Wing               Time % Phy DF OF 
 1 Brayden Point            Elias Lindholm           Connor Brown             58     1   2  2  
 2 Evgeni Malkin            Claude Giroux            Oliver Bjorkstrand       42     1   2  2  

PowerPlay Defense
   Defense                  Defense                                           Time % Phy DF OF 
 1 Jaccob Slavin            Neal Pionk                                        58     1   2  2  
 2 Hampus Lindholm          Chris Tanev                                       42     1   2  2  

Penalty Kill 4 Players Forward 
   Center                   Wing                     Time % Phy DF OF 
 1 Evgeni Malkin            Oliver Bjorkstrand       50     1   2  2  
 2 Nick Bonino              Claude Giroux            50     1   2  2  

Penalty Kill 4 Players Defense
   Defense                  Defense                  Time % Phy DF OF 
 1 Jaccob Slavin            Chris Tanev              50     1   2  2  
 2 Adam Pelech              Hampus Lindholm          50     1   2  2  

Penalty Kill - 3 Players Forward 
   Forward                                           Time % Phy DF OF 
 1 Nick Bonino                                       50     1   2  2  
 2 Evgeni Malkin                                     50     1   2  2  

Penalty Kill - 3 Players Defense
   Defense                  Defense                  Time % Phy DF OF 
 1 Jaccob Slavin            Chris Tanev              55     1   2  2  
 2 Adam Pelech              Hampus Lindholm          45     1   2  2  

4 vs 4 Forward 
   Center                   Wing                     Time % Phy DF OF 
 1 Brayden Point            Claude Giroux            50     1   2  2  
 2 Elias Lindholm           Anthony Beauvillier      50     1   2  2  

4 vs 4 Defense
   Defense                  Defense                  Time % Phy DF OF 
 1 Chris Tanev              Hampus Lindholm          50     1   2  2  
 2 Marco Scandella          Jaccob Slavin            50     1   2  2  

Last Minutes Offensive
   Center                   Left Wing                Right Wing               Defense                  Defense                  
   Evgeni Malkin            Claude Giroux            Elias Lindholm           Jaccob Slavin            Neal Pionk               

Last Minutes Defensive
   Center                   Left Wing                Right Wing               Defense                  Defense                  
   Evgeni Malkin            Oliver Bjorkstrand       Connor Brown             Chris Tanev              Jaccob Slavin            

Goaltenders
Starting : Jacob Markstrom          
Backup : Robin Lehner             

Extra Forwards
Normal : Connor Brown, Elias Lindholm, Charlie Coyle - PP : Oliver Bjorkstrand, Anthony Beauvillier - PK : Charlie Coyle
Extra Defensemen
Normal : Chris Tanev, Neal Pionk, Hampus Lindholm - PP : Chris Tanev - PK : Chris Tanev, Marco Scandella
Penalty Shots
Evgeni Malkin, Brayden Point, Elias Lindholm, Claude Giroux, Oliver Bjorkstrand
Custom OT Lines Forwards
Brayden Point, Claude Giroux, Evgeni Malkin, Oliver Bjorkstrand, Elias Lindholm, Connor Brown, Nick Bonino, Craig Smith, Charlie Coyle, Anthony Beauvillier
Custom OT Lines Defensemen
Jaccob Slavin, Neal Pionk, Chris Tanev, Adam Pelech, Hampus Lindholm

Scratches
Mike Reilly (Healthy), Matt Irwin (Healthy)

% Time on Ice - SEATTLE GRUNGE

Lines # - Real PCT - Wanted PCT - Time Play
Normal Forward
1 - 35% - 37% - 16:57
2 - 31% - 37% - 14:43
3 - 23% - 21% - 10:55
4 - 11% - 5% - 5:31
Normal Defense
1 - 38% - 40% - 18:21
2 - 36% - 40% - 17:29
3 - 25% - 20% - 12:06
4 - 0% - 0% - 0:10
PP Forward
1 - 48% - 50% - 1:54
2 - 52% - 50% - 2:04
PP Defense
1 - 57% - 55% - 2:15
2 - 43% - 45% - 1:43
PK Forward
1 - 61% - 55% - 3:37
2 - 39% - 45% - 2:20
PK Defense
1 - 72% - 55% - 4:18
2 - 28% - 45% - 1:39
PK3 Forward
1 - 0% - 55%
2 - 0% - 45%
PK3 Defense
1 - 0% - 55%
2 - 0% - 45%
44 Forward
1 - 74% - 55% - 1:28
2 - 26% - 45% - 0:31
44 Defense
1 - 74% - 55% - 1:28
2 - 26% - 45% - 0:31
Last Minute Offensive  - 0:00
Last Minute Defensive  - 0:00
Total
Forward - 60:00
Defense - 60:00

% Time on Ice - SAN JOSE BRONCOS

Lines # - Real PCT - Wanted PCT - Time Play
Normal Forward
1 - 34% - 36% - 16:26
2 - 31% - 33% - 14:46
3 - 24% - 25% - 11:39
4 - 11% - 6% - 5:15
Normal Defense
1 - 38% - 40% - 18:07
2 - 33% - 35% - 16:04
3 - 29% - 25% - 13:55
4 - 0% - 0% - 0:00
PP Forward
1 - 53% - 58% - 3:10
2 - 47% - 42% - 2:47
PP Defense
1 - 53% - 58% - 3:10
2 - 47% - 42% - 2:47
PK Forward
1 - 45% - 50% - 1:48
2 - 55% - 50% - 2:10
PK Defense
1 - 47% - 50% - 1:53
2 - 53% - 50% - 2:05
PK3 Forward
1 - 0% - 50%
2 - 0% - 50%
PK3 Defense
1 - 0% - 55%
2 - 0% - 45%
44 Forward
1 - 62% - 50% - 1:14
2 - 38% - 50% - 0:45
44 Defense
1 - 26% - 50% - 0:31
2 - 74% - 50% - 1:28
Last Minute Offensive  - 0:00
Last Minute Defensive  - 0:00
Total
Forward - 60:00
Defense - 60:00

Play-by-Play

1st period


0:01 of 1st period - Brayden Point wins face-off versus Mike Hoffman in neutral zone.
0:55 of 1st period - Icing by Neal Pionk.
0:56 of 1st period - Eric Staal wins face-off versus Brayden Point in SAN JOSE BRONCOS zone.
2:02 of 1st period - Shot by Claude Giroux.
2:02 of 1st period - Shot Misses the Net.
2:37 of 1st period - Minor Penalty to Chris Tanev for Roughing.
2:37 of 1st period - Minor Penalty to Brian Boyle for Hooking.
2:38 of 1st period - Tyler Seguin wins face-off versus Elias Lindholm in SAN JOSE BRONCOS zone.
2:41 of 1st period - Shot by Jake Guentzel.
2:41 of 1st period - Stopped by Jacob Markstrom without a rebound.
2:42 of 1st period - Tyler Seguin wins face-off versus Elias Lindholm in SAN JOSE BRONCOS zone.
2:47 of 1st period - Shot by Jake Guentzel.
2:47 of 1st period - Shot Misses the Net.
2:49 of 1st period - Shot by Jake Guentzel.
2:49 of 1st period - Stopped by Jacob Markstrom with a rebound.
2:51 of 1st period - Shot by Roman Josi.
2:51 of 1st period - Stopped by Jacob Markstrom without a rebound.
2:52 of 1st period - Tyler Seguin wins face-off versus Brayden Point in SAN JOSE BRONCOS zone.
3:21 of 1st period - Shot by Claude Giroux.
3:21 of 1st period - Deflect By Brayden Point.
3:21 of 1st period - Shot Misses the Net.
3:23 of 1st period - Shot by Jaccob Slavin.
3:23 of 1st period - Shot Blocked by David Savard.
3:25 of 1st period - Shot by Brayden Point.
3:25 of 1st period - Stopped by Jimmy Howard without a rebound.
3:26 of 1st period - Eric Staal wins face-off versus Elias Lindholm in SEATTLE GRUNGE zone.
3:33 of 1st period - Shot by Josh Bailey.
3:33 of 1st period - Shot Misses the Net.
3:38 of 1st period - Icing by Hampus Lindholm.
3:39 of 1st period - Eric Staal wins face-off versus Elias Lindholm in SAN JOSE BRONCOS zone.
3:56 of 1st period - Shot by Josh Bailey.
3:56 of 1st period - Stopped by Jacob Markstrom without a rebound.
3:57 of 1st period - Brayden Point wins face-off versus Tyler Seguin in SAN JOSE BRONCOS zone.
4:51 of 1st period - Shot by Craig Smith.
4:51 of 1st period - Stopped by Jimmy Howard without a rebound.
4:52 of 1st period - Charlie Coyle wins face-off versus Chris Tierney in SEATTLE GRUNGE zone.
4:59 of 1st period - Shot by David Kampf.
4:59 of 1st period - Deflect By Charlie Coyle.
4:59 of 1st period - Shot Misses the Net.
5:46 of 1st period - Shot by Anthony Beauvillier.
5:46 of 1st period - Stopped by Jimmy Howard without a rebound.
5:47 of 1st period - Tyler Seguin wins face-off versus Nick Bonino in SEATTLE GRUNGE zone.
5:49 of 1st period - Icing by Roman Josi.
5:50 of 1st period - Nick Bonino wins face-off versus Tyler Seguin in SEATTLE GRUNGE zone.
6:17 of 1st period - Shot by Nick Bonino.
6:17 of 1st period - Deflect By Craig Smith.
6:17 of 1st period - Shot Misses the Net.
6:28 of 1st period - Shot by Craig Smith.
6:28 of 1st period - Shot Misses the Net.
6:30 of 1st period - Shot by Nick Bonino.
6:30 of 1st period - Shot Misses the Net.
6:32 of 1st period - Shot by Adam Pelech.
6:32 of 1st period - Stopped by Jimmy Howard without a rebound.
6:33 of 1st period - Eric Staal wins face-off versus Evgeni Malkin in SEATTLE GRUNGE zone.
6:44 of 1st period - Shot by Eric Staal.
6:44 of 1st period - Deflect By Josh Bailey.
6:44 of 1st period - Stopped by Jacob Markstrom without a rebound.
6:45 of 1st period - Brian Boyle wins face-off versus Oliver Bjorkstrand in SAN JOSE BRONCOS zone.
6:57 of 1st period - Off-side.
6:58 of 1st period - Eric Staal wins face-off versus Evgeni Malkin in neutral zone.
7:28 of 1st period - Shot by Connor Brown.
7:28 of 1st period - Shot Hit the Post.
8:20 of 1st period - Shot by Brayden Point.
8:20 of 1st period - Stopped by Jimmy Howard without a rebound.
8:21 of 1st period - Tyler Seguin wins face-off versus Nick Bonino in SEATTLE GRUNGE zone.
10:04 of 1st period - Icing by Matthew Grzelcyk.
10:05 of 1st period - Evgeni Malkin wins face-off versus Chris Tierney in SEATTLE GRUNGE zone.
10:16 of 1st period - Shot by Connor Brown.
10:16 of 1st period - Shot Misses the Net.
10:22 of 1st period - Shot by Vladislav Namestnikov.
10:22 of 1st period - Stopped by Jacob Markstrom with a rebound.
10:43 of 1st period - Shot by Evgeni Malkin.
10:43 of 1st period - Stopped by Jimmy Howard with a rebound.
11:19 of 1st period - Roman Josi is hit by Neal Pionk.
11:41 of 1st period - Shot by Anthony Beauvillier.
11:41 of 1st period - Goal by Anthony Beauvillier - SEATTLE GRUNGE : 0 - SAN JOSE BRONCOS : 1.
11:42 of 1st period - Brayden Point wins face-off versus Jake Guentzel in neutral zone.
13:03 of 1st period - Shot by Craig Smith.
13:03 of 1st period - Stopped by Jimmy Howard without a rebound.
13:04 of 1st period - Chris Tierney wins face-off versus Evgeni Malkin in SEATTLE GRUNGE zone.
13:41 of 1st period - Shot by Evgeni Malkin.
13:41 of 1st period - Stopped by Jimmy Howard with a rebound.
13:43 of 1st period - Shot by Evgeni Malkin.
13:43 of 1st period - Shot Misses the Net.
14:27 of 1st period - Shot by Nick Bonino.
14:27 of 1st period - Shot Misses the Net.
14:42 of 1st period - Icing by Travis Sanheim.
14:43 of 1st period - Eric Staal wins face-off versus Brayden Point in SEATTLE GRUNGE zone.
15:10 of 1st period - Shot by Elias Lindholm.
15:10 of 1st period - Shot Misses the Net.
15:26 of 1st period - Shot by Elias Lindholm.
15:26 of 1st period - Shot Misses the Net.
16:12 of 1st period - Shot by Jake Guentzel.
16:12 of 1st period - Shot Misses the Net.
16:14 of 1st period - Shot by Jake Guentzel.
16:14 of 1st period - Stopped by Jacob Markstrom without a rebound.
16:15 of 1st period - Evgeni Malkin wins face-off versus Brian Boyle in SAN JOSE BRONCOS zone.
16:15 of 1st period - Evgeni Malkin is hit by Carter Rowney.
16:18 of 1st period - Minor Penalty to Carter Rowney for Roughing.
16:19 of 1st period - Brian Boyle wins face-off versus Evgeni Malkin in SEATTLE GRUNGE zone.
17:30 of 1st period - Shot by Elias Lindholm.
17:30 of 1st period - Stopped by Jimmy Howard with a rebound.
18:41 of 1st period - Minor Penalty to Anthony Beauvillier for Tripping.
18:42 of 1st period - Tyler Seguin wins face-off versus Nick Bonino in SAN JOSE BRONCOS zone.
19:37 of 1st period - Icing by Roman Josi.
19:38 of 1st period - Eric Staal wins face-off versus Nick Bonino in SEATTLE GRUNGE zone.
Goals for this period are 0 for SEATTLE GRUNGE vs 1 for SAN JOSE BRONCOS.
Shots for this period are 7 for SEATTLE GRUNGE vs 10 for SAN JOSE BRONCOS.

2nd period


0:01 of 2nd period - Evgeni Malkin wins face-off versus Tyler Seguin in neutral zone.
0:22 of 2nd period - Oliver Bjorkstrand is hit by Jake Guentzel.
0:25 of 2nd period - Off-side.
0:26 of 2nd period - Evgeni Malkin wins face-off versus Eric Staal in neutral zone.
1:03 of 2nd period - Shot by Oliver Bjorkstrand.
1:03 of 2nd period - Stopped by Jimmy Howard without a rebound.
1:04 of 2nd period - Tyler Seguin wins face-off versus Evgeni Malkin in SEATTLE GRUNGE zone.
1:27 of 2nd period - Shot by Tyler Seguin.
1:27 of 2nd period - Shot Blocked by Hampus Lindholm.
1:29 of 2nd period - Shot by Jake Guentzel.
1:29 of 2nd period - Goal by Jake Guentzel - SEATTLE GRUNGE : 1 - SAN JOSE BRONCOS : 1.
1:30 of 2nd period - Brayden Point wins face-off versus Eric Staal in neutral zone.
1:43 of 2nd period - Shot by Eric Staal.
1:43 of 2nd period - Shot Misses the Net.
2:10 of 2nd period - Shot by Oliver Bjorkstrand.
2:10 of 2nd period - Deflect By Brayden Point.
2:10 of 2nd period - Stopped by Jimmy Howard without a rebound.
2:11 of 2nd period - Tyler Seguin wins face-off versus Evgeni Malkin in SEATTLE GRUNGE zone.
2:22 of 2nd period - Shot by Evgeni Malkin.
2:22 of 2nd period - Stopped by Jimmy Howard with a rebound.
2:24 of 2nd period - Shot by Chris Tanev.
2:24 of 2nd period - Shot Blocked by Damon Severson.
2:26 of 2nd period - Shot by Chris Tanev.
2:26 of 2nd period - Shot Misses the Net.
2:55 of 2nd period - Shot by Claude Giroux.
2:55 of 2nd period - Stopped by Jimmy Howard without a rebound.
2:56 of 2nd period - Elias Lindholm wins face-off versus Chris Tierney in SEATTLE GRUNGE zone.
2:56 of 2nd period - Brayden Point is hit by David Savard and loses puck.
3:30 of 2nd period - Shot by Chris Tierney.
3:30 of 2nd period - Shot Misses the Net.
4:32 of 2nd period - Shot by Anthony Beauvillier.
4:32 of 2nd period - Stopped by Jimmy Howard with a rebound.
4:34 of 2nd period - Shot by Nick Bonino.
4:34 of 2nd period - Stopped by Jimmy Howard without a rebound.
4:35 of 2nd period - Connor Brown wins face-off versus Jake Guentzel in SEATTLE GRUNGE zone.
6:20 of 2nd period - Minor Penalty to Eric Staal for Hooking.
6:21 of 2nd period - Brayden Point wins face-off versus Chris Tierney in SEATTLE GRUNGE zone.
6:44 of 2nd period - Shot by Connor Brown.
6:44 of 2nd period - Stopped by Jimmy Howard with a rebound.
8:11 of 2nd period - Shot by Brayden Point.
8:11 of 2nd period - Stopped by Jimmy Howard without a rebound.
8:12 of 2nd period - Brayden Point wins face-off versus Carter Rowney in SEATTLE GRUNGE zone.
8:32 of 2nd period - Shot by Anthony Beauvillier.
8:32 of 2nd period - Shot Misses the Net.
8:34 of 2nd period - Shot by Craig Smith.
8:34 of 2nd period - Stopped by Jimmy Howard with a rebound.
8:54 of 2nd period - Shot by Craig Smith.
8:54 of 2nd period - Goal by Craig Smith - SEATTLE GRUNGE : 1 - SAN JOSE BRONCOS : 2.
8:55 of 2nd period - Brian Boyle wins face-off versus Charlie Coyle in neutral zone.
9:00 of 2nd period - Icing by Charlie Coyle.
9:01 of 2nd period - Charlie Coyle wins face-off versus Brian Boyle in SAN JOSE BRONCOS zone.
9:01 of 2nd period - Charlie Coyle is hit by Carter Rowney.
9:06 of 2nd period - Jaccob Slavin is hit by Damon Severson and loses puck.
9:42 of 2nd period - Shot by Trevor Lewis.
9:42 of 2nd period - Shot Misses the Net.
10:20 of 2nd period - Shot by Mike Hoffman.
10:20 of 2nd period - Shot Misses the Net.
10:22 of 2nd period - Shot by Tyler Seguin.
10:22 of 2nd period - Deflect By Jake Guentzel.
10:22 of 2nd period - Shot Misses the Net.
10:24 of 2nd period - Shot by Tyler Seguin.
10:24 of 2nd period - Stopped by Jacob Markstrom with a rebound.
10:26 of 2nd period - Shot by Jake Guentzel.
10:26 of 2nd period - Shot Blocked by Chris Tanev.
10:28 of 2nd period - Shot by Jake Guentzel.
10:28 of 2nd period - Shot Misses the Net.
10:40 of 2nd period - Shot by Roman Josi.
10:40 of 2nd period - Shot Misses the Net.
10:42 of 2nd period - Shot by Damon Severson.
10:42 of 2nd period - Shot Misses the Net.
10:44 of 2nd period - Shot by Chris Tierney.
10:44 of 2nd period - Stopped by Jacob Markstrom without a rebound.
10:45 of 2nd period - Evgeni Malkin wins face-off versus Chris Tierney in SAN JOSE BRONCOS zone.
11:08 of 2nd period - David Savard is hit by Claude Giroux and loses puck.
11:19 of 2nd period - Shot by Evgeni Malkin.
11:19 of 2nd period - Shot Misses the Net.
11:21 of 2nd period - Shot by Connor Brown.
11:21 of 2nd period - Goal by Connor Brown - SEATTLE GRUNGE : 1 - SAN JOSE BRONCOS : 3.
11:22 of 2nd period - Eric Staal wins face-off versus Nick Bonino in neutral zone.
11:30 of 2nd period - Anthony Beauvillier is hit by Damon Severson and loses puck.
11:54 of 2nd period - Shot by Craig Smith.
11:54 of 2nd period - Deflect By Nick Bonino.
11:54 of 2nd period - Stopped by Jimmy Howard without a rebound.
11:55 of 2nd period - Jake Guentzel wins face-off versus Brayden Point in SEATTLE GRUNGE zone.
12:08 of 2nd period - Shot by Brayden Point.
12:08 of 2nd period - Shot Blocked by Jake Guentzel.
12:10 of 2nd period - Shot by Oliver Bjorkstrand.
12:10 of 2nd period - Shot Misses the Net.
12:12 of 2nd period - Shot by Oliver Bjorkstrand.
12:12 of 2nd period - Stopped by Jimmy Howard without a rebound.
12:13 of 2nd period - Evgeni Malkin wins face-off versus Vladislav Namestnikov in SEATTLE GRUNGE zone.
12:22 of 2nd period - Shot by Evgeni Malkin.
12:22 of 2nd period - Stopped by Jimmy Howard without a rebound.
12:23 of 2nd period - Eric Staal wins face-off versus Brayden Point in SEATTLE GRUNGE zone.
12:31 of 2nd period - Icing by Oliver Bjorkstrand.
12:32 of 2nd period - Eric Staal wins face-off versus Brayden Point in SAN JOSE BRONCOS zone.
12:51 of 2nd period - Shot by Carl Hagelin.
12:51 of 2nd period - Deflect By Eric Staal.
12:51 of 2nd period - Stopped by Jacob Markstrom without a rebound.
12:52 of 2nd period - Evgeni Malkin wins face-off versus Tyler Seguin in SAN JOSE BRONCOS zone.
12:57 of 2nd period - Shot by Evgeni Malkin.
12:57 of 2nd period - Shot Blocked by Jake Guentzel.
13:27 of 2nd period - Shot by Connor Brown.
13:27 of 2nd period - Deflect By Evgeni Malkin.
13:27 of 2nd period - Shot Blocked by Damon Severson.
13:37 of 2nd period - Jake Guentzel is hit by Claude Giroux and loses puck.
13:51 of 2nd period - Minor Penalty to Oliver Bjorkstrand for Hooking.
13:52 of 2nd period - Evgeni Malkin wins face-off versus Eric Staal in SAN JOSE BRONCOS zone.
14:14 of 2nd period - Icing by Roman Josi.
14:15 of 2nd period - Evgeni Malkin wins face-off versus Josh Bailey in SEATTLE GRUNGE zone.
14:26 of 2nd period - Shot by Vladislav Namestnikov.
14:26 of 2nd period - Stopped by Jacob Markstrom with a rebound.
14:28 of 2nd period - Shot by Roman Josi.
14:28 of 2nd period - Deflect By Josh Bailey.
14:28 of 2nd period - Shot Misses the Net.
14:30 of 2nd period - Shot by Josh Bailey.
14:30 of 2nd period - Stopped by Jacob Markstrom without a rebound.
14:31 of 2nd period - Nick Bonino wins face-off versus Tyler Seguin in SAN JOSE BRONCOS zone.
16:08 of 2nd period - Off-side.
16:09 of 2nd period - Chris Tierney wins face-off versus Charlie Coyle in neutral zone.
16:23 of 2nd period - Icing by Tyler Motte.
16:24 of 2nd period - David Kampf wins face-off versus Eric Staal in SAN JOSE BRONCOS zone.
16:40 of 2nd period - Shot by Carl Hagelin.
16:40 of 2nd period - Shot Misses the Net.
16:43 of 2nd period - Icing by Jaccob Slavin.
16:44 of 2nd period - Charlie Coyle wins face-off versus Tyler Seguin in SAN JOSE BRONCOS zone.
16:50 of 2nd period - Icing by Neal Pionk.
16:51 of 2nd period - Eric Staal wins face-off versus Charlie Coyle in SAN JOSE BRONCOS zone.
16:54 of 2nd period - Shot by Josh Bailey.
16:54 of 2nd period - Stopped by Jacob Markstrom without a rebound.
16:55 of 2nd period - Brayden Point wins face-off versus Eric Staal in SAN JOSE BRONCOS zone.
17:12 of 2nd period - David Savard is hit by Oliver Bjorkstrand and loses puck.
17:25 of 2nd period - Shot by Eric Staal.
17:25 of 2nd period - Deflect By Josh Bailey.
17:25 of 2nd period - Stopped by Jacob Markstrom without a rebound.
17:26 of 2nd period - Tyler Seguin wins face-off versus Evgeni Malkin in SAN JOSE BRONCOS zone.
17:43 of 2nd period - Shot by Evgeni Malkin.
17:43 of 2nd period - Shot Misses the Net.
17:50 of 2nd period - Tyler Seguin is hit by Neal Pionk and loses puck.
18:31 of 2nd period - Shot by Elias Lindholm.
18:31 of 2nd period - Stopped by Jimmy Howard without a rebound.
18:32 of 2nd period - Nick Bonino wins face-off versus Eric Staal in SEATTLE GRUNGE zone.
19:26 of 2nd period - Icing by Roman Josi.
19:27 of 2nd period - Brayden Point wins face-off versus Eric Staal in SEATTLE GRUNGE zone.
19:34 of 2nd period - Shot by Elias Lindholm.
19:34 of 2nd period - Stopped by Jimmy Howard with a rebound.
Goals for this period are 1 for SEATTLE GRUNGE vs 2 for SAN JOSE BRONCOS.
Shots for this period are 8 for SEATTLE GRUNGE vs 16 for SAN JOSE BRONCOS.

3rd period


0:01 of 3rd period - Brayden Point wins face-off versus Eric Staal in neutral zone.
0:16 of 3rd period - Shot by Josh Bailey.
0:16 of 3rd period - Shot Blocked by Neal Pionk.
1:16 of 3rd period - Shot by Jake Guentzel.
1:16 of 3rd period - Stopped by Jacob Markstrom without a rebound.
1:17 of 3rd period - Nick Bonino wins face-off versus Tyler Seguin in SAN JOSE BRONCOS zone.
1:37 of 3rd period - Tyler Seguin is hit by Marco Scandella and loses puck.
1:53 of 3rd period - Jake Guentzel is hit by Marco Scandella and loses puck.
2:39 of 3rd period - Vladislav Namestnikov is hit by Adam Pelech and loses puck.
2:48 of 3rd period - Shot by Vladislav Namestnikov.
2:48 of 3rd period - Shot Misses the Net.
3:48 of 3rd period - Brian Boyle is hit by Claude Giroux and loses puck.
3:49 of 3rd period - Brian Boyle from SEATTLE GRUNGE is injured at 3:49 of 3rd period (Right Foot).
3:50 of 3rd period - Eric Staal wins face-off versus Evgeni Malkin in neutral zone.
4:03 of 3rd period - Shot by Evgeni Malkin.
4:03 of 3rd period - Shot Misses the Net.
4:34 of 3rd period - Icing by Damon Severson.
4:35 of 3rd period - Brayden Point wins face-off versus Eric Staal in SEATTLE GRUNGE zone.
4:35 of 3rd period - Elias Lindholm is hit by Damon Severson.
4:40 of 3rd period - Off-side.
4:41 of 3rd period - Tyler Seguin wins face-off versus Oliver Bjorkstrand in neutral zone.
5:20 of 3rd period - Shot by Mike Hoffman.
5:20 of 3rd period - Stopped by Jacob Markstrom with a rebound.
5:47 of 3rd period - Shot by Vladislav Namestnikov.
5:47 of 3rd period - Shot Misses the Net.
5:49 of 3rd period - Shot by Roman Josi.
5:49 of 3rd period - Shot Misses the Net.
5:51 of 3rd period - Shot by David Savard.
5:51 of 3rd period - Stopped by Jacob Markstrom without a rebound.
5:52 of 3rd period - Charlie Coyle wins face-off versus Eric Staal in SAN JOSE BRONCOS zone.
5:59 of 3rd period - Shot by Josh Bailey.
5:59 of 3rd period - Shot Blocked by Jaccob Slavin.
6:19 of 3rd period - Shot by Josh Bailey.
6:19 of 3rd period - Shot Blocked by Neal Pionk.
6:21 of 3rd period - Shot by Carl Hagelin.
6:21 of 3rd period - Stopped by Jacob Markstrom without a rebound.
6:22 of 3rd period - Evgeni Malkin wins face-off versus Chris Tierney in SAN JOSE BRONCOS zone.
6:22 of 3rd period - Claude Giroux is hit by Vladislav Namestnikov and loses puck.
6:57 of 3rd period - Claude Giroux is hit by Wayne Simmonds and loses puck.
7:30 of 3rd period - Shot by Elias Lindholm.
7:30 of 3rd period - Shot Misses the Net.
7:42 of 3rd period - Shot by Oliver Bjorkstrand.
7:42 of 3rd period - Deflect By Brayden Point.
7:42 of 3rd period - Shot Misses the Net.
7:48 of 3rd period - Shot by Brayden Point.
7:48 of 3rd period - Shot Misses the Net.
8:54 of 3rd period - Carter Rowney is hit by Craig Smith and loses puck.
8:59 of 3rd period - Shot by Craig Smith.
8:59 of 3rd period - Shot Misses the Net.
9:06 of 3rd period - Icing by David Savard.
9:07 of 3rd period - Eric Staal wins face-off versus Evgeni Malkin in SEATTLE GRUNGE zone.
9:07 of 3rd period - Eric Staal is hit by Evgeni Malkin.
9:43 of 3rd period - Shot by Evgeni Malkin.
9:43 of 3rd period - Goal by Evgeni Malkin - SEATTLE GRUNGE : 1 - SAN JOSE BRONCOS : 4.
9:44 of 3rd period - Tyler Seguin wins face-off versus Brayden Point in neutral zone.
9:58 of 3rd period - Minor Penalty to Damon Severson for Tripping.
9:59 of 3rd period - Chris Tierney wins face-off versus Brayden Point in SEATTLE GRUNGE zone.
9:59 of 3rd period - Chris Tierney is hit by Elias Lindholm.
11:05 of 3rd period - Shot by Oliver Bjorkstrand.
11:05 of 3rd period - Shot Misses the Net.
11:19 of 3rd period - Hampus Lindholm is hit by Vladislav Namestnikov and loses puck.
11:38 of 3rd period - Icing by Chris Tanev.
11:39 of 3rd period - Chris Tierney wins face-off versus Evgeni Malkin in SAN JOSE BRONCOS zone.
11:42 of 3rd period - Shot by Chris Tierney.
11:42 of 3rd period - Deflect By Carl Hagelin.
11:42 of 3rd period - Stopped by Jacob Markstrom without a rebound.
11:43 of 3rd period - Brayden Point wins face-off versus Chris Tierney in SAN JOSE BRONCOS zone.
12:13 of 3rd period - Shot by Jake Guentzel.
12:13 of 3rd period - Stopped by Jacob Markstrom without a rebound.
12:14 of 3rd period - Tyler Seguin wins face-off versus Charlie Coyle in SAN JOSE BRONCOS zone.
12:28 of 3rd period - Off-side.
12:29 of 3rd period - Brayden Point wins face-off versus Chris Tierney in neutral zone.
13:10 of 3rd period - Shot by Brayden Point.
13:10 of 3rd period - Shot Blocked by David Savard.
13:14 of 3rd period - Shot by Brayden Point.
13:14 of 3rd period - Stopped by Jimmy Howard without a rebound.
13:15 of 3rd period - Eric Staal wins face-off versus Evgeni Malkin in SEATTLE GRUNGE zone.
13:33 of 3rd period - Icing by Damon Severson.
13:34 of 3rd period - Eric Staal wins face-off versus Nick Bonino in SEATTLE GRUNGE zone.
13:34 of 3rd period - Damon Severson is hit by Nick Bonino and loses puck.
14:38 of 3rd period - Mike Hoffman is hit by Adam Pelech and loses puck.
14:45 of 3rd period - Shot by Tyler Seguin.
14:45 of 3rd period - Deflect By Mike Hoffman.
14:45 of 3rd period - Shot Misses the Net.
16:13 of 3rd period - Shot by Evgeni Malkin.
16:13 of 3rd period - Shot Blocked by Travis Sanheim.
16:40 of 3rd period - Shot by Trevor Lewis.
16:40 of 3rd period - Shot Misses the Net.
16:56 of 3rd period - Shot by Jake Guentzel.
16:56 of 3rd period - Shot Blocked by Hampus Lindholm.
16:58 of 3rd period - Shot by Tyler Seguin.
16:58 of 3rd period - Shot Misses the Net.
17:47 of 3rd period - Chris Tierney is hit by Hampus Lindholm and loses puck.
18:41 of 3rd period - Adam Pelech is hit by Wayne Simmonds and loses puck.
19:10 of 3rd period - Shot by Josh Bailey.
19:10 of 3rd period - Shot Misses the Net.
19:12 of 3rd period - Shot by Travis Sanheim.
19:12 of 3rd period - Stopped by Jacob Markstrom without a rebound.
19:13 of 3rd period - Brayden Point wins face-off versus Tyler Seguin in SAN JOSE BRONCOS zone.
19:18 of 3rd period - Shot by Jake Guentzel.
19:18 of 3rd period - Shot Blocked by Jaccob Slavin.
19:20 of 3rd period - Shot by Mike Hoffman.
19:20 of 3rd period - Shot Misses the Net.
19:22 of 3rd period - Shot by Jake Guentzel.
19:22 of 3rd period - Shot Misses the Net.
Goals for this period are 0 for SEATTLE GRUNGE vs 1 for SAN JOSE BRONCOS.
Shots for this period are 7 for SEATTLE GRUNGE vs 2 for SAN JOSE BRONCOS.


SEBASTIAN
AHO
MARK
SCHEIFELE
JAKE
OETTINGER

EAST COAST

HOCKEY LEAGUE

  • 17.QUE3CHI2
  • 18.CHA2LIM4
  • 19.TRV3LON2
  • 20.CHW1BAL2
  • 21.PITMAN
  • 22.ATLNHW
  • 23.WORPET
  • 24.RHI